 Dungeon Crawl Stone Soup version 0.30-b1-2-g02819fbbbe (webtiles) character file.

Game seed: 10597893546808406747

797 ketsa the Slicer (level 8, 0/47 HPs)
             Began as a Kobold Brigand on May 22, 2023.
             Was a Follower of Dithmenos.
             Slain by a centaur
             ... wielding a +0 war axe
              (11 damage)
             ... on level 5 of the Dungeon.
             The game lasted 00:11:55 (3914 turns).

ketsa the Slicer (Kobold Brigand)                   Turns: 3914, Time: 00:11:56

Health: 0/47       AC:  6    Str:  8    XL:     8   Next: 13%
Magic:  17/17      EV: 19    Int: 12    God:    Dithmenos [*.....]
Gold:   309        SH:  5    Dex: 19    Spells: 7/7 levels left

rFire   . . .        a - +2 dagger
rCold   + . .        (no shield)
rNeg    . . .        B - +0 robe {rC+}
rPois   .            q - +0 helmet
rElec   .            c - +0 cloak
rCorr   .            z - +1 pair of gloves of the Forsaken Xeniums {MP+9 Stlth+}
SInv    .            (no boots)
Will    .....        y - amulet of reflection
Stlth   +++++++      u - +5 ring of evasion
HPRegen 0.27/turn    (no ring)
MPRegen 0.15/turn

%: reflection
@: about to teleport, wreathed by umbra
A: small, no large weapons, nightstalker 3
a: Renounce Religion


You were on level 5 of the Dungeon.
You worshipped Dithmenos.
Dithmenos was aware of your devotion.
You visited 1 branch of the dungeon, and saw 6 of its levels.

You collected 309 gold pieces.

Inventory:

Hand Weapons
 a - a +2 dagger (weapon)
Missiles
 d - 19 poisoned darts (quivered)
 e - 6 curare-tipped darts
Armour
 b - a +0 robe
 c - a +0 cloak (worn)
 n - the +2 ring mail of the Rose {rCorr}
   (You found it on level 2 of the Dungeon)

   rCorr:     It protects you from acid and corrosion.
 q - a +0 helmet (worn)
 z - the +1 pair of gloves of the Forsaken Xeniums (worn) {MP+9 Stlth+}
   (You found it on level 4 of the Dungeon)

   MP:        It affects your magic capacity (+9).
   Stlth:     It makes you more stealthy.
 B - a +0 robe of cold resistance (worn)
Jewellery
 m - an amulet of faith
 u - a +5 ring of evasion (left hand)
 y - an amulet of reflection (around neck)
Scrolls
 h - a scroll of identify {unknown}
 o - 2 scrolls of magic mapping
 x - a scroll of immolation {unknown}
Potions
 f - a potion of resistance {unknown}
 g - a potion of ambrosia {unknown}
 i - 2 potions of heal wounds {unknown}
 j - 3 potions of flight
 k - a potion of attraction {unknown}
 l - a potion of haste {unknown}
 p - 2 potions of curing {unknown}
 r - a potion of mutation {unknown}
 t - 3 potions of brilliance {unknown}
 v - a potion of degeneration {unknown}
 w - 2 potions of might {unknown}
 A - a potion of berserk rage {unknown}


   Skills:
 + Level 3.6 Fighting
 * Level 9.1 Short Blades
 - Level 2.1 Throwing
 - Level 1.2 Dodging
 + Level 8.5 Stealth


You had 7 spell levels left.
You didn't know any spells.
Your spell library contained the following spells:

 Spells                   Type           Power      Damage    Failure   Level
 Summon Forest            Summ/Tloc      0%         N/A       100%        5
 Eringya's Noxious Bog    Tmut/Pois      0%         N/A       100%        6
 Summon Hydra             Summ           0%         N/A       100%        7


Dungeon Overview and Level Annotations

Branches:
Dungeon (6/15) Zot: 26471
 Temple: D:4-7

Altars:
Dithmenos
Gozag
Trog
Wu Jian

Shops:
D:4 (

Annotations:
D:5 Pikel


Innate Abilities, Weirdness & Mutations

You are small and have problems with some larger weapons.
You are completely attuned to the shadows.


Message History

The centaur closely misses you. The centaur completely misses you.
You closely miss the centaur.
The centaur is moderately wounded.
The quokka misses you. The centaur hits you with a +0 war axe.
The centaur closely misses you.
You hit the centaur but do no damage.
The centaur is moderately wounded.
The quokka closely misses you. The centaur hits you with a +0 war axe!
* * * LOW HITPOINT WARNING * * *
You block the centaur's attack.
As you read the scroll of teleportation, it crumbles to dust.
You feel strangely unstable. The centaur closely misses you.
The centaur kicks you but does no damage.
The quokka misses you.
You hit the centaur.
The centaur is moderately wounded.
The centaur closely misses you. The centaur barely misses you.
You hit the centaur.
The centaur is moderately wounded.
The quokka barely misses you. The centaur completely misses you.
The centaur closely misses you.
You hit the centaur.
The centaur is heavily wounded.
The quokka closely misses you. The centaur barely misses you.
The centaur kicks you.
* * * LOW HITPOINT WARNING * * *
You hit the centaur.
The centaur is severely wounded.
You hit the centaur.
The centaur is severely wounded.
The centaur completely misses you. You block the centaur's attack.
The quokka misses you.
You barely miss the centaur.
The centaur is severely wounded.
The centaur closely misses you. The centaur completely misses you.
The quokka completely misses you.
You hit the centaur but do no damage.
The centaur is severely wounded.
The centaur hits you with a +0 war axe!
You die...

#...#......#..............#.
#...#..... #..............#.
#...#..... #..............#.
#...#..... #........#######.
#...'......#........#.......
########......#...######.......
#......[......#...##...#...†...
#.....<......r#c..#....#>......
#.............@...'....#.......
#.............#...#....#.......
#.............#######'##.......
###'##########...................
.......#.....#...................
.......#.....#...................
..♣8♣..#.....#...................
..♣♣♣..#.....'...(...............
..♣8♣..# #...#...................


You could see a centaur and a quokka.

Vanquished Creatures
  An ice beast (D:5)
  An ogre (D:4)
  A centaur (D:5)
  A lemure (D:4)
  3 phantoms
  2 hounds (D:5)
  A sleepcap (D:5)
  3 iguanas
  7 adders
  A worm (D:2)
  3 dart slugs
  4 orcs
  4 endoplasms
  8 giant cockroaches
  7 goblins
  5 hobgoblins
  13 jackals
  2 kobolds
  8 quokkas
  6 ball pythons
  A bat (D:2)
  5 frilled lizards
  4 rats
91 creatures vanquished.

Notes
Turn   | Place    | Note
-------+----------+-------------------------------------------
     0 | D:1      | ketsa the Kobold Brigand began the quest for the Orb.
     0 | D:1      | Reached XP level 1. HP: 12/12 MP: 1/1
   287 | D:1      | Reached skill level 3 in Short Blades
   417 | D:1      | Reached XP level 2. HP: 17/17 MP: 2/2
   517 | D:1      | Reached skill level 4 in Short Blades
   693 | D:1      | Reached XP level 3. HP: 21/21 MP: 3/3
  1021 | D:2      | Reached skill level 5 in Short Blades
  1151 | D:2      | Identified the +2 ring mail of the Rose {rCorr}
  1210 | D:2      | Reached XP level 4. HP: 26/26 MP: 4/4
  1311 | D:2      | Reached skill level 6 in Short Blades
  1662 | D:3      | Reached XP level 5. HP: 30/30 MP: 5/5
  2025 | D:3      | Found an ornate altar of the Wu Jian Council.
  2029 | D:3      | Found a shadowy altar of Dithmenos.
  2029 | D:3      | Found a bloodstained altar of Trog.
  2029 | D:3      | Found an opulent altar of Gozag.
  2035 | D:3      | Became a worshipper of Dithmenos the Shadowed
  2346 | D:4      | Found Icwua's Antique Weapon Shop.
  2435 | D:4      | Identified the +1 pair of gloves of the Forsaken Xeniums
                  | {MP+9 Stlth+}
  2511 | D:4      | Noticed a phantom
  2591 | D:4      | Noticed a phantom
  2624 | D:3      | Killed a phantom
  2625 | D:3      | Reached skill level 7 in Short Blades
  2625 | D:3      | Reached XP level 6. HP: 21/35 MP: 6/6
  2708 | D:4      | Noticed an ogre
  2922 | D:4      | Killed an ogre
  3221 | D:4      | Reached skill level 8 in Short Blades
  3221 | D:4      | Reached XP level 7. HP: 35/40 MP: 7/7
  3331 | D:5      | Entered Level 5 of the Dungeon
  3572 | D:5      | Noticed Pikel
  3838 | D:5      | Reached XP level 8. HP: 46/46 MP: 8/8
  3841 | D:5      | Reached * piety under Dithmenos
  3842 | D:5      | Reached skill level 9 in Short Blades
  3914 | D:5      | Slain by a centaur

Illustrated notes

Levels and vault maps discovered:
D:1:      matt_arrival_diagonals, layout_loops_ring
D:2:      minmay_angry_zag, layout_basic
D:3:      layout_basic, grunt_temple_overflow_open, minivault_25
D:4:      layout_cave_pools, serial_shops, shop, grunt_ministairs_1
D:5:      layout_gridville, kennysheep_generic_room_11, uniq_pikel
D:6:      layout_gridville, serial_shops, nicolae_shop_tiny_waterfront

Skill      XL: |  1  2  3  4  5  6  7  8 |
---------------+-------------------------+-----
Short Blades   | 3 4 5 6 7 8 9 |  9.1
Stealth        | 6 7 8 |  8.5
Fighting       | 3 |  3.6
Throwing       | |  2.1
Dodging        | |  1.2

Action                     |  1- 3 |  4- 6 |  7- 9 || total
---------------------------+-------+-------+-------++-------
  Melee: Dagger            |    68 |   153 |    64 ||   285
         Punch             |     1 |       |     1 ||     2
  Throw: Dart              |       |     2 |       ||     2
    Use: Scroll            |       |     5 |     1 ||     6
         Potion            |       |     1 |       ||     1
   Stab: Sleeping          |    20 |    30 |     8 ||    58
         Distracted        |       |     2 |       ||     2
 Armour: Robe              |     6 |    16 |     3 ||    25
  Dodge: Dodged            |    26 |    74 |    52 ||   152
  Block: Other             |       |     3 |     5 ||     8
